 Dungeon Crawl Stone Soup version 0.19-a0-28-g8794423 (webtiles) character file.

3868 tyvek the Cleaver (level 9, 0/127 HPs)
             Began as a Minotaur Berserker on May 2, 2016.
             Was an Elder of Trog.
             Slain by an orc warrior
             ... wielding a +0 flail
              (4 damage)
             ... on level 9 of the Dungeon.
             The game lasted 01:12:11 (7311 turns).

tyvek the Cleaver (Minotaur Berserker)              Turns: 7311, Time: 01:12:12

Health: 0/127      AC: 18    Str: 29    XL:     9   Next: 99%
Magic:  8/8        EV: 11    Int:  4    God:    Trog [****..]
Gold:   400        SH:  0    Dex: 11    Spells: 0 memorised, 8 levels left

rFire  . . .     SeeInvis .     F - +0 battleaxe
rCold  . . .     Gourm    .     s - +1 plate armour
rNeg   . . .     Faith    .     (shield currently unavailable)
rPois  .         Spirit   .     (helmet restricted)
rElec  .         Dismiss  .     u - +1 cloak
rCorr  .         Reflect  .     m - +0 pair of gloves
SustAt .         Harm     .     (no boots)
MR     .....                    (no amulet)
Stlth  ..........               y - +3 ring of evasion
                                (no ring)

@: berserking (expiring), very quick, not resistant to hostile enchantments,
extremely unstealthy
A: retaliatory headbutt, horns 2
a: Berserk, Trog's Hand, Brothers in Arms, Burn Spellbooks, Renounce Religion


You were on level 9 of the Dungeon.
You worshipped Trog.
Trog was greatly pleased with you.
You were not hungry.

You visited 1 branch of the dungeon, and saw 9 of its levels.

You collected 400 gold pieces.

Inventory:

Hand Weapons
 F - a +0 battleaxe (weapon)
   (You found it on level 9 of the Dungeon)
Armour
 m - a +0 pair of gloves (worn)
   (You found it on level 1 of the Dungeon)
 s - a +1 plate armour (worn)
   (You found it on level 1 of the Dungeon)
 u - a +1 cloak (worn)
   (You found it on level 8 of the Dungeon)
Jewellery
 y - a +3 ring of evasion (right hand)
   (You found it on level 5 of the Dungeon)
Wands
 t - a wand of lightning (11/15)
   (You found it on level 3 of the Dungeon)
Scrolls
 b - a scroll of remove curse
 k - a scroll of enchant weapon
 p - a scroll of blinking {!r}
 q - 4 scrolls of magic mapping {!r}
 A - a scroll of recharging
 E - a scroll of identify
Potions
 d - a potion of berserk rage {unknown}
 e - 8 potions of curing
 f - 2 potions of heal wounds
 g - 3 potions of cancellation {unknown}
 h - a potion of haste
 i - 2 potions of flight {unknown}
 l - a potion of might {unknown}
 n - 2 potions of agility {unknown}
 v - a potion of degeneration {unknown}
 w - a potion of invisibility {unknown}
Comestibles
 c - 2 bread rations {@e1}
 j - 2 slices of pizza
 o - 5 meat rations {@e2}


   Skills:
 + Level 9.6 Fighting
 * Level 12.1 Axes
 + Level 9.1 Armour
 - Level 2.1 Dodging


You had 8 spell levels left.
You didn't know any spells.

Dungeon Overview and Level Annotations

Branches:
Dungeon (9/15)             Temple (0/1) D:7
   Lair: D:8-11         Orc: D:9-12

Altars:
Okawaru
Trog
Xom
The Shining One

Shops:
D:8 !

Annotations:
D:3 MistahJ's ghost, amateur MiGl


Innate Abilities, Weirdness & Mutations

You reflexively headbutt those who attack you in melee.
You have a pair of horns on your head.


Message History

You kill the giant frog!
Trog accepts your kill. The orc warrior closely misses you.
The electric eel shoots out a bolt of lightning at you!
The bolt of electricity hits you!
You take 3 damage, and have 62/84 hp.
You're too hungry to go berserk.
Eat which item? (? for menu, Esc to quit)
The gnoll sergeant barely misses you.
The electric eel shoots out a bolt of lightning at you!
The bolt of electricity hits you!
The orc warrior hits you from afar with a glaive!
You continue eating.
The gnoll sergeant barely misses you.
You continue eating.
The orc warrior barely misses you. The gnoll sergeant barely misses you.
The electric eel shoots out a bolt of lightning at you!
The bolt of electricity misses you.
The orc wizard gestures wildly while chanting.
The orc wizard seems to speed up.
You finish eating.
That bread ration really hit the spot!
You take 9 damage, and have 53/84 hp.
A red film seems to cover your vision as you go berserk!
You feel yourself moving faster!
You feel mighty!
You feel somewhat more hungry.
You feel the effects of Trog's Hand fading.
The electric eel shoots out a bolt of lightning at you!
The bolt of electricity hits you! x2
The bolt of electricity hits the electric eel.
The electric eel completely resists.
The bolt of electricity hits the electric eel.
The electric eel completely resists.
The orc warrior hits you from afar with a glaive!
The gnoll sergeant barely misses you.
You now have 53/126 hp.
You slash the electric eel! Your headbutt misses the electric eel.
The electric eel shoots out a bolt of lightning at you!
The bolt of electricity hits you! x2
* * * LOW HITPOINT WARNING * * *
The bolt of electricity hits the electric eel.
The electric eel completely resists.
The bolt of electricity hits the electric eel.
The electric eel completely resists.
The gnoll sergeant hits you but does no damage.
An orc comes into view. It is wielding a club.
You take 17 damage, and have 36/126 hp.
The orc shouts!
You slice the electric eel!!
You kill the electric eel!
Trog accepts your kill.
The orc warrior hits you but does no damage.
The orc warrior misses you.
Things that are here:
a dagger; a robe; an orc corpse You hit the orc warrior.
You headbutt the orc warrior, but do no damage.
You slice the gnoll sergeant!! You closely miss the electric eel.
The gnoll sergeant hits you with a trident.
You barely miss the electric eel. Your headbutt misses the electric eel.
You hit the gnoll sergeant. You slash the orc warrior!
The electric eel shoots out a bolt of lightning at you!
The bolt of electricity hits you!
* * * LOW HITPOINT WARNING * * *
The orc warrior hits you with a glaive!
* * * LOW HITPOINT WARNING * * *
The electric eel shoots out a bolt of lightning at you!
The bolt of electricity hits you!
* * * LOW HITPOINT WARNING * * *
You take 28 damage, and have 10/126 hp.
MASSIVE DAMAGE!!
You closely miss the electric eel. You hit the gnoll sergeant.
You kill the gnoll sergeant!
Trog accepts your kill.
Your Axes skill increases to level 12!
You slice the orc warrior!!
You kill the orc warrior!
Trog accepts your kill.
You barely miss the electric eel.
The electric eel shoots out a bolt of lightning at you!
The bolt of electricity hits you!
* * * LOW HITPOINT WARNING * * *
You take 8 damage, and have 3/126 hp.
You chop the electric eel into pieces!!!
You kill the electric eel!
Trog accepts your kill.
You hear a splash.
You barely miss the orc warrior. You slash the gnoll!
You kill the gnoll!
Trog accepts your kill.
The orc warrior hits you but does no damage.
You slice the orc warrior!! Your headbutt misses the orc warrior.
Your skin stops crawling.
You feel less resistant to hostile enchantments.
The electric eel shoots out a bolt of lightning at you!
The bolt of electricity misses you.
You barely miss the orc warrior. You slash the gnoll!
You kill the gnoll!
Trog accepts your kill. The orc warrior hits you with a flail.
You die...

≈≈≈≈.≈≈≈≈≈.;≈≈≈
..........g.... ≈≈≈.≈≈
≈≈.≈≈≈ ≈. #≈.≈# #≈g≈#
# ≈.≈ #≈.≈# #≈g≈# ..#
≈.≈###≈.≈###≈$≈###≈..#
≈.≈≈≈≈≈.≈≈≈≈≈)≈≈≈≈≈..#
..............@ooooo.#
≈.≈≈≈≈≈.≈≈≈≈≈.≈≈≈≈≈.!#
≈.≈###≈.≈###≈.≈###≈...
≈.≈ #≈.≈# #≈.≈# ...
≈.≈###≈.≈###≈.≈# .
≈.≈≈≈≈≈.≈≈≈≈≈.≈≈≈
....................
≈≈≈.≈≈≈≈≈.≈≈≈≈≈.≈≈≈≈
#≈.≈###≈/≈###≈.≈#


You could see an orc warrior, an electric eel, 2 orc wizards, 3 gnolls and 2
orcs.

Vanquished Creatures
  Erica (D:8)
  The ghost of butimsolazy the Cleaver, a novice MiBe of Trog (D:4)
  Menkaure (D:5)
  A steam dragon (D:8)
  3 ice beasts
  3 sky beasts
  2 orc warriors
  An ogre (D:5)
  A phantom (D:7)
  A big kobold (D:9)
  3 giant frogs
  A gnoll sergeant (D:9)
  A water moccasin zombie (D:6)
  3 wights (D:6)
  2 electric eels (D:9)
  2 crimson imps (D:5)
  3 giant frog skeletons
  A giant frog zombie (D:8)
  A jelly (D:8)
  2 centaur skeletons
  4 orc priests
  6 hounds
  5 orc wizards
  Jessica (D:3)
  An iguana (D:8)
  3 worker ants
  A hound zombie (D:8)
  9 gnolls
  A howler monkey skeleton (D:5)
  9 adders
  An ooze (D:7)
  An adder skeleton (D:5)
  5 worms
  A dart slug (D:5)
  9 giant geckos
  18 orcs
  11 bats
  8 giant cockroaches
  5 goblins
  6 hobgoblins
  14 jackals
  4 quokkas
  A giant gecko zombie (D:5)
  3 giant newts
  9 kobolds
  11 rats
181 creatures vanquished.

Vanquished Creatures (others)
  An orc wizard (D:9)
1 creature vanquished.

Grand Total: 182 creatures vanquished

Notes
Turn   | Place    | Note
--------------------------------------------------------------
     0 | D:1      | tyvek the Minotaur Berserker began the quest for the Orb.
     0 | D:1      | Reached XP level 1. HP: 19/19 MP: 0/0
   272 | D:1      | Reached skill level 4 in Fighting
   272 | D:1      | Reached XP level 2. HP: 26/27 MP: 1/1
   495 | D:1      | Reached skill level 3 in Armour
   806 | D:2      | Reached XP level 3. HP: 24/33 MP: 2/2
   809 | D:2      | Reached skill level 4 in Axes
  1053 | D:2      | Reached ** piety under Trog
  1294 | D:2      | Reached XP level 4. HP: 33/41 MP: 3/3
  1605 | D:2      | Found a glowing golden altar of the Shining One.
  1799 | D:2      | Reached skill level 4 in Armour
  1999 | D:3      | Reached skill level 5 in Fighting
  1999 | D:3      | Reached XP level 5. HP: 48/48 MP: 4/4
  2010 | D:3      | Noticed Jessica
  2016 | D:3      | Killed Jessica
  2022 | D:3      | Reached skill level 5 in Axes
  2023 | D:3      | Reached *** piety under Trog
  2119 | D:3      | Found a bloodstained altar of Trog.
  2359 | D:3      | Noticed MistahJ's ghost (amateur MiGl)
  2383 | D:3      | Found an iron altar of Okawaru.
  2385 | D:3      | Found a shimmering altar of Xom.
  2850 | D:4      | Noticed butimsolazy's ghost (novice MiBe)
  2873 | D:4      | Killed butimsolazy's ghost
  2873 | D:4      | Reached skill level 6 in Fighting
  2873 | D:4      | Reached skill level 6 in Axes
  2873 | D:4      | Reached skill level 5 in Armour
  2873 | D:4      | Reached XP level 6. HP: 38/57 MP: 5/5
  2873 | D:4      | Reached XP level 7. HP: 42/63 MP: 6/6
  3132 | D:4      | Reached skill level 7 in Axes
  3231 | D:5      | Entered Level 5 of the Dungeon
  3358 | D:5      | Reached skill level 6 in Armour
  3415 | D:5      | Noticed Menkaure
  3423 | D:5      | Killed Menkaure
  3528 | D:5      | Reached skill level 8 in Axes
  3528 | D:5      | Reached XP level 8. HP: 71/71 MP: 7/7
  3685 | D:5      | Reached skill level 7 in Fighting
  4069 | D:5      | Reached **** piety under Trog
  4286 | D:5      | Reached skill level 7 in Armour
  4401 | D:6      | Reached skill level 9 in Axes
  4915 | D:6      | Reached skill level 8 in Fighting
  5004 | D:6      | Reached skill level 10 in Axes
  5132 | D:6      | Reached XP level 9. HP: 74/81 MP: 8/8
  5398 | D:7      | Reached skill level 8 in Armour
  5992 | D:7      | Found a staircase to the Ecumenical Temple.
  6374 | D:8      | Found Wyceqar's Distillery.
  6509 | D:8      | Noticed Erica
  6529 | D:8      | Killed Erica
  6529 | D:8      | Reached skill level 9 in Fighting
  6529 | D:8      | Reached skill level 11 in Axes
  7072 | D:8      | Reached skill level 9 in Armour
  7306 | D:9      | HP: 26/126 [electric eel/bolt of electricity (13)]
  7306 | D:9      | HP: 10/126 [electric eel/bolt of electricity (4)]
  7307 | D:9      | Reached skill level 12 in Axes
  7308 | D:9      | HP: 3/126 [electric eel/bolt of electricity (9)]
  7311 | D:9      | Slain by an orc warrior

Vault maps used:
D:1:      evilmike_arrival_rings, columned_hall_lemuel
D:2:      tso_oasis_becter, first_bread
D:3:      nicolae_overflow_hidden_temple, minivault_25, kennysheep_nondescript,
          nrook_uturn, hangedman_decor_push, trog_butcher_becter, uniq_jessica
D:5:      uniq_menkaure
D:6:      minmay_misc_feat_diagonals, minivault_24, corexii_hall_statues_i
D:7:      temple_statues
D:8:      serial_shops, shop, uniq_erica
D:9:      yredelemnul_altar_generic, hangedman_little_slice_of_home,
          minmay_curled_crystal, kennysheep_boxes

Skill      XL: |  1  2  3  4  5  6  7  8  9 |
---------------+----------------------------+-----
Fighting       | 4 5 6 8 9 |  9.6
Armour         | 3 4 5 6 7 9 |  9.1
Axes           | 4 6 8 10 12 | 12.1
Dodging        | |  2.1

Action                   |  1- 3 |  4- 6 |  7- 9 || total
-------------------------+-------+-------+-------++-------
Melee: Hand axe          |    72 |   114 |   232 ||   418
       Headbutt          |    10 |    26 |    61 ||    97
       War axe           |       |       |   125 ||   125
       Battleaxe         |       |       |    11 ||    11
Invok: Berserk           |     2 |     1 |     3 ||     6
       Trog's Hand       |       |     1 |     4 ||     5
       Burn Spellbooks   |       |       |     2 ||     2
  Use: Scroll            |     3 |     9 |     5 ||    17
       Potion            |       |       |     1 ||     1
  Eat: Chunk             |     2 |     6 |     8 ||    16
       Bread ration      |       |       |     3 ||     3
Armor: Animal skin       |    24 |       |       ||    24
       Plate armour      |       |    51 |   178 ||   229
Dodge: Dodged            |    52 |    40 |   174 ||   266

Vault maps used:
D:1:      evilmike_arrival_rings, columned_hall_lemuel
D:2:      tso_oasis_becter, first_bread
D:3:      nicolae_overflow_hidden_temple, minivault_25, kennysheep_nondescript,
          nrook_uturn, hangedman_decor_push, trog_butcher_becter, uniq_jessica
D:5:      uniq_menkaure
D:6:      minmay_misc_feat_diagonals, minivault_24, corexii_hall_statues_i
D:7:      temple_statues
D:8:      serial_shops, shop, uniq_erica
D:9:      yredelemnul_altar_generic, hangedman_little_slice_of_home,
          minmay_curled_crystal, kennysheep_boxes

Table legend:
 A = Turns spent in this place as a percentage of turns spent in the entire game.
 B = Non-inter-level travel turns spent in this place as a percentage of non-inter-level travel turns spent in the entire game.
 C = Inter-level travel turns spent in this place as a percentage of turns spent in this place.
 D = Turns resting spent in this place as a percentage of non-inter-level travel turns spent in this place.
 E = Turns spent auto-exploring this place as a percentage of non-inter-level travel turns spent in this place.
 F = Non-inter-level travel turns spent in this place divided by the number of levels of this place that you've seen.
                   A       B       C       D       E      F
               +-------+-------+-------+-------+-------+----------------------
         Total | 100.0 | 100.0 |   0.7 |   3.0 |  15.4 | 213.8
       Dungeon | 100.0 | 100.0 |   0.7 |   3.0 |  15.4 | 213.8
               +-------+-------+-------+-------+-------+----------------------

Table legend:
 A = Kills in this place as a percentage of kills in entire the game.
 B = Kills by you in this place as a percentage of kills by you in the entire game.
 C = Kills by friends in this place as a percentage of kills by friends in the entire game.
 D = Other kills in this place as a percentage of other kills in the entire game.
 E = Experience gained in this place as a percentage of experience gained in the entire game.
 F = Experience gained in this place divided by the number of levels of this place that you have seen.
                   A       B       C       D       E      F
               +-------+-------+-------+-------+-------+----------------------
         Total | 100.0 | 100.0 |  -nan |  -nan | 100.0 | 614.1
       Dungeon | 100.0 | 100.0 |  -nan |  -nan | 100.0 | 614.1
               +-------+-------+-------+-------+-------+----------------------
